Map: Ruins of Endion

Players

PiLiPiLi

  • Race: Protoss Protoss
  • League: Grandmaster

puCK (Nina) - Winner!

  • Race: Protoss Protoss
  • League: Grandmaster

VOD

Have the link to the VOD?

Description

Time

  • Played on: May 22, 2016, 12:52 a.m.
  • Length: 15:51
Show
View Real Time Build Order
Export as new Build Order

PiLiPiLi Protoss 

Build Orders: Oracle Opening 

Get SALT Encoding   

  12  0:01  Probe (Chrono Boost)  
  13  0:11  Probe (Chrono Boost)  
  14  0:17  Pylon  
  14  0:22  Probe (Chrono Boost)  
  15  0:36  Probe (Chrono Boost), Gateway  
  16  0:42  Assimilator  
  16  0:46  Probe (Chrono Boost)  
  17  0:51  Assimilator  
  18  0:57  Probe (Chrono Boost)  
  18  1:03  Gateway  
  18  1:07  Probe (Chrono Boost)  
  19  1:18  Probe (Chrono Boost)  
  20  1:23  Cybernetics Core  
  20  1:28  Probe (Chrono Boost)  
  21  1:34  Pylon  
  21  1:39  Probe (Chrono Boost)  
  22  1:49  Probe (Chrono Boost)  
  23  1:59  Adept x2  
  23  2:00  Warp Gate (Chrono Boost)  
  27  2:04  Mothership Core (Chrono Boost)  
  29  2:11  Pylon  
  29  2:23  Probe (Chrono Boost)  
  29  2:27  Stargate  
  30  2:32  Stalker  
  32  2:39  Stalker  
  34  2:56  Probe  
  35  3:00  Pylon  
  33  3:13  Probe, Oracle (Chrono Boost)  
  35  3:30  Pylon  
  35  3:33  Nexus  
  35  3:42  Probe  
  35  3:48  Oracle (Chrono Boost)  
  39  3:54  Probe  
  40  3:58  Stalker  
  40  4:01  Stalker  
  44  4:16  Probe  
  45  4:28  Probe (Chrono Boost)  
  46  4:32  Robotics Facility  
  46  4:40  Probe (Chrono Boost)  
  46  4:42  Sentry  
  50  4:45  Probe (Chrono Boost)  
  50  4:46  Sentry  
  50  4:50  Probe (Chrono Boost)  
  53  4:56  Probe (Chrono Boost)  
  54  5:01  Probe (Chrono Boost)  
  54  5:02  Assimilator  
  54  5:06  Probe (Chrono Boost)  
  56  5:07  Pylon  
  56  5:11  Probe (Chrono Boost)  
  57  5:16  Probe (Chrono Boost)  
  57  5:18  Assimilator, Pylon  
  58  5:21  Probe (Chrono Boost)  
  58  5:22  Immortal (Chrono Boost)  
  58  5:26  Probe  
  63  5:33  Probe  
  62  5:36  Probe  
  62  5:38  Phoenix  
  64  5:45  Probe  
  64  5:47  Probe  
  66  5:51  Adept x2  
  70  5:57  Probe  
  70  5:58  Probe  
  76  6:05  Immortal (Chrono Boost)  
  76  6:08  Probe  
  76  6:10  Probe  
  78  6:18  Probe  
  78  6:21  Twilight Council  
  78  6:22  Probe  
  78  6:24  Forge  
  80  6:29  Probe  
  81  6:34  Probe  
  81  6:37  Immortal (Chrono Boost)  
  86  6:42  Pylon  
  86  6:48  Pylon  
  86  6:53  Probe, Nexus  
  86  7:00  Probe  
  87  7:02  Protoss Ground Weapons Level 1 (Chrono Boost)  
  87  7:05  Probe  
  88  7:12  Probe  
  88  7:13  Charge  
  88  7:14  Immortal  
  89  7:17  Probe  
  94  7:24  Probe  
  94  7:29  Probe  
  96  7:36  Probe  
  97  7:39  Gateway  
  97  7:40  Gateway  
  97  7:41  Probe  
  97  7:42  Gateway  
  98  7:44  Gateway  
  98  7:48  Probe  
  99  7:52  Pylon  
  99  7:53  Probe, Observer  
  99  7:55  Assimilator  
  101  8:00  Probe  
  101  8:05  Assimilator  
  99  8:22  Immortal  
  99  8:24  Zealot x2  
  103  8:28  Templar Archives  
  103  8:32  Probe  
  108  8:34  Photon Cannon  
  108  8:40  Gateway x2  
  108  8:45  Gateway  
  108  8:46  Pylon  
  108  8:50  Zealot  
  108  8:51  Zealot x4  
  108  8:53  Pylon  
  118  8:59  Warp Prism  
  118  9:01  Protoss Ground Weapons Level 2 (Chrono Boost)  
  120  9:15  High Templar x4  
  120  9:16  High Templar x2  
  132  9:19  Archon  
  132  9:20  Archon  
  132  9:25  Archon  
  132  9:30  Immortal, Pylon  
  132  9:34  Pylon  
  136  9:48  Zealot x4  
  136  9:49  Zealot x2  
  148  9:54  Pylon  
  148  9:55  Pylon  
  132  10:02  Zealot, High Templar x2  
  132  10:04  Immortal  
  138  10:07  Archon  
  138  10:11  Pylon  
  140  10:16  Zealot x4  
  140  10:17  Zealot x2  
  125  10:39  High Templar x4  
  125  10:40  Zealot x2, High Templar x3  
  133  10:46  Archon x3  
  113  11:00  Observer  
  92  11:20  High Templar x3, Observer  
  92  11:21  Zealot x2, High Templar  
  92  11:22  Zealot x2  
  107  11:28  Archon x2  
  107  11:29  Zealot  
  109  11:34  Photon Cannon x2  
  109  11:36  Photon Cannon, Immortal  
  109  11:40  Protoss Ground Weapons Level 3 (Chrono Boost), Photon Cannon  
  109  11:43  Zealot x4  
  121  11:52  Nexus  
  121  11:57  Pylon  
  99  12:05  Zealot x2  
  99  12:06  Zealot x6  
  92  12:26  Zealot x4  
  92  12:27  Zealot x3  
  98  12:32  High Templar x2  
  98  12:36  Archon  
  96  12:42  Observer  
  96  12:47  Pylon  
  77  12:57  High Templar x3  
  77  12:58  Immortal  
  79  13:04  Archon  
  79  13:06  Gateway  
  79  13:07  Gateway  
  79  13:10  Zealot, High Templar  
  83  13:15  Pylon  
  83  13:27  High Templar x2  
  85  13:31  Archon x2  
  85  13:32  Zealot  
  85  13:33  Zealot x3  
  88  13:45  Immortal  
  88  13:47  High Templar x2  
  91  13:52  Archon  
  95  13:59  Zealot, High Templar x2  
  95  14:00  Zealot x3  
  107  14:10  Zealot x2  
  101  14:28  Warp Prism  
  101  14:29  Zealot x3, High Templar x2  
  101  14:30  Zealot x3  
  113  14:31  Zealot x2  
  119  14:38  Archon  
  119  14:41  Archon  
  119  14:50  Zealot x6  
  131  14:57  High Templar x2  
  135  15:07  High Templar x2  
  135  15:08  Archon  
  135  15:11  Archon  
  139  15:24  Observer  
  139  15:26  Zealot x5  
Show
View Real Time Build Order
Export as new Build Order

puCK Protoss - Winner!

Build Orders:  

Get SALT Encoding   

  12  0:01  Probe (Chrono Boost)  
  13  0:11  Probe (Chrono Boost)  
  14  0:18  Pylon  
  14  0:22  Probe (Chrono Boost)  
  15  0:36  Probe (Chrono Boost)  
  15  0:37  Gateway  
  15  0:42  Assimilator  
  16  0:47  Probe (Chrono Boost)  
  17  0:50  Assimilator  
  17  0:59  Probe (Chrono Boost)  
  18  1:09  Gateway  
  18  1:10  Probe (Chrono Boost)  
  19  1:20  Probe (Chrono Boost)  
  19  1:24  Cybernetics Core  
  20  1:31  Probe (Chrono Boost)  
  21  1:36  Pylon  
  21  1:42  Probe (Chrono Boost)  
  22  1:53  Probe (Chrono Boost)  
  23  2:00  Stalker  
  23  2:01  Stalker  
  27  2:05  Warp Gate (Chrono Boost)  
  27  2:12  Pylon  
  27  2:18  Mothership Core  
  29  2:34  Stalker (Chrono Boost)  
  33  2:38  Stalker (Chrono Boost)  
  33  3:01  Stalker (Chrono Boost)  
  34  3:08  Probe  
  31  3:17  Nexus  
  31  3:20  Probe (Chrono Boost)  
  32  3:33  Probe (Chrono Boost)  
  33  3:36  Robotics Facility  
  33  3:43  Probe (Chrono Boost)  
  34  3:54  Probe (Chrono Boost)  
  35  4:04  Probe (Chrono Boost)  
  36  4:15  Probe (Chrono Boost)  
  37  4:23  Twilight Council  
  37  4:24  Warp Prism (Chrono Boost)  
  39  4:28  Probe  
  39  4:29  Probe  
  41  4:38  Probe  
  41  4:41  Probe  
  41  4:42  Gateway  
  43  4:49  Probe  
  43  4:53  Probe  
  43  4:59  Adept  
  46  5:00  Adept, Probe (Chrono Boost)  
  46  5:05  Probe (Chrono Boost)  
  46  5:06  Blink (Chrono Boost)  
  50  5:09  Observer  
  50  5:12  Probe (Chrono Boost)  
  52  5:15  Pylon  
  52  5:17  Probe (Chrono Boost)  
  52  5:19  Pylon  
  53  5:22  Probe (Chrono Boost)  
  54  5:33  Probe (Chrono Boost)  
  55  5:38  Probe (Chrono Boost)  
  55  5:42  Observer  
  57  5:44  Probe (Chrono Boost)  
  57  5:49  Probe (Chrono Boost)  
  59  5:54  Probe (Chrono Boost)  
  59  5:55  Stalker x2  
  64  5:59  Probe (Chrono Boost)  
  65  6:05  Probe (Chrono Boost)  
  65  6:08  Gateway  
  65  6:10  Probe (Chrono Boost)  
  65  6:11  Gateway x2  
  67  6:15  Probe (Chrono Boost)  
  68  6:20  Probe (Chrono Boost)  
  67  6:26  Probe (Chrono Boost), Nexus  
  67  6:27  Assimilator  
  67  6:30  Sentry  
  67  6:31  Assimilator  
  67  6:32  Pylon  
  70  6:39  Pylon  
  70  6:45  Pylon  
  70  6:48  Pylon  
  70  6:50  Probe (Chrono Boost)  
  71  6:55  Probe (Chrono Boost), Sentry x2  
  71  7:00  Probe (Chrono Boost)  
  75  7:01  Forge  
  75  7:03  Immortal (Chrono Boost)  
  75  7:04  Probe  
  79  7:12  Probe  
  80  7:16  Stalker x2  
  80  7:21  Probe  
  85  7:23  Stalker  
  85  7:25  Probe  
  85  7:26  Gateway  
  88  7:30  Pylon  
  88  7:31  Probe  
  88  7:34  Pylon  
  88  7:36  Probe  
  89  7:37  Probe  
  89  7:40  Protoss Ground Weapons Level 1 (Chrono Boost)  
  89  7:42  Probe  
  92  7:48  Immortal (Chrono Boost)  
  92  7:50  Probe  
  96  7:52  Probe x2  
  99  8:04  Probe, Robotics Bay  
  96  8:22  Probe x2, Phoenix  
  96  8:23  Probe  
  96  8:25  Assimilator  
  99  8:27  Assimilator  
  99  8:29  Immortal (Chrono Boost)  
  99  8:33  Probe  
  102  8:36  Robotics Facility  
  102  8:37  Photon Cannon  
  102  8:39  Photon Cannon x2  
  103  8:41  Photon Cannon  
  103  8:52  Photon Cannon  
  103  8:59  Pylon  
  103  9:01  Disruptor (Chrono Boost)  
  106  9:13  Dark Shrine  
  106  9:18  Stalker x4  
  106  9:23  Disruptor (Chrono Boost)  
  117  9:36  Stalker  
  117  9:37  Stalker x2, Pylon  
  126  9:39  Pylon  
  126  9:40  Disruptor (Chrono Boost)  
  126  9:41  Pylon  
  126  9:55  Disruptor (Chrono Boost)  
  126  9:56  Stalker x2  
  126  9:57  Stalker  
  135  10:02  Pylon  
  135  10:05  Photon Cannon  
  135  10:12  Stalker x4  
  146  10:16  Disruptor (Chrono Boost)  
  145  10:26  Disruptor (Chrono Boost)  
  130  10:39  Adept  
  115  10:42  Stalker  
  115  10:43  Stalker x4  
  114  10:52  Disruptor (Chrono Boost), Dark Templar  
  109  10:57  Disruptor (Chrono Boost)  
  109  11:00  Dark Templar  
  97  11:09  Stalker x2  
  97  11:10  Stalker x2  
  105  11:12  Protoss Ground Weapons Level 2  
  95  11:27  Disruptor (Chrono Boost)  
  95  11:30  Warp Prism (Chrono Boost)  
  97  11:38  Stalker x2  
  97  11:39  Stalker x3, Nexus  
  107  11:43  Pylon  
  107  11:44  Probe  
  107  11:45  Probe x2  
  110  12:06  Stalker x2  
  110  12:07  Stalker x3  
  110  12:08  Stalker  
  122  12:12  Pylon  
  104  12:29  Stalker x2  
  99  12:30  Stalker x2  
  99  12:34  Stalker x3  
  99  13:00  Stalker x5  
  99  13:02  Disruptor (Chrono Boost)  
  115  13:05  Photon Cannon  
  115  13:06  Disruptor (Chrono Boost)  
  115  13:09  Probe  
  115  13:10  Probe x2  
  118  13:41  Stalker x7  
  135  13:49  Disruptor (Chrono Boost)  
  135  13:50  Assimilator x2  
  135  13:51  Photon Cannon  
  135  14:01  Photon Cannon  
  135  14:02  Photon Cannon  
  135  14:03  Pylon  
  135  14:04  Adept  
  135  14:05  Adept  
  139  14:16  Stalker x2  
  134  14:29  Disruptor (Chrono Boost)  
  135  14:34  Disruptor (Chrono Boost)  
  135  14:46  Stalker x4  
  135  14:47  Stalker x2  
  147  14:58  Mothership Core  
  147  15:00  Disruptor (Chrono Boost)  
  151  15:08  Observer (Chrono Boost), Dark Templar  
  151  15:09  Dark Templar x2  
  157  15:22  Adept x4  
  164  15:29  Observer (Chrono Boost)  
  141  15:42  Stalker x5  
  129  15:43  Stalker x2  
Tags
 
Add a new tag
Caveats
  • Supply blocks, unpowered buildings, or Contaminate may cause inaccurate times.
  • Supply counts are checked every 10 seconds.